[Event "Titled Tuesday Blitz March 01 Late 2022"]
[White "Perez Torres, Nabi Isaias"]
[Black "Migot, Tangi"]
[WhiteFideId "5120373"]
[BlackFideId "662445"]
[WhiteElo "1755"]
[BlackElo "2500"]
[Result "0-1"]
[Round "09"]
[TimeControl "180+1"]
[Date "2022.03.02"]
[WhiteClock "0:00:06"]
[BlackClock "0:00:04"]

1. e4 e5 2. f4 d6 3. Nf3 Bg4 4. Bc4 Bxf3 5. Qxf3 Nf6 6. Nc3 Nc6 7. d3 Nd4 8. Qd1 Be7 9. O-O c6 10. fxe5 dxe5 11. a4 O-O 12. Bg5 Ne8 13. Be3 Bg5 14. Bf2 Kh8 15. Ne2 Nxe2+ 16. Qxe2 Nd6 17. Bb3 f5 18. exf5 Rxf5 19. Bc5 Bf6 20. Be6 Rxf1+ 21. Rxf1 b6 22. Bxd6 Qxd6 23. Bf5 g6 24. Be4 Kg7 25. Qf3 Rc8 26. c3 a5 27. g3 b5 28. h4 bxa4 29. h5 Rf8 30. hxg6 hxg6 31. Qg4 Be7 32. Rxf8 Bxf8 33. Qc8 a3 34. bxa3 Qc5+ 35. Kg2 Qxc3 36. Qd7+ Kh6 37. Qh3+ Kg7 38. Qd7+ Kf6 39. Qe8 Qb2+ 40. Kh3 Qxa3 41. Qxg6+ Ke7 42. Qxc6 Qb4 43. g4 a4 44. g5 a3 45. Bf5 Qd6 46. Qb7+ Kd8 47. Qc8+ Ke7 48. Qa8 Kf7 49. Kg4 Kg7 50. Kh5 Qe7 51. Qa6 Qf7+ 52. Bg6 Qf3+ 53. Kh4 Be7 54. Be4 Qf4+ 55. Kh3 Qxg5 56. Qa7 Qh6+ 57. Kg3 Qg5+ 58. Kf2 Qf6+ 59. Ke2 Qd6 60. Qa4 Qc5 61. Qe8 Qc2+ 62. Kf3 Qd1+ 63. Ke3 Qe1+ 64. Kf3 Qf1+ 65. Kg3 Qf6 66. Qa4 Qg5+ 67. Kf3 Qf4+ 68. Ke2 Qh2+ 69. Kd1 a2 70. Qa7 a1=Q+ 71. Qxa1 Qg1+ 72. Ke2 Qxa1 0-1


[Site "https://www.chess.com"]

[Event "Titled Tuesday Blitz March 01 Late 2022"]
[White "Prohorov, Olexandr"]
[Black "Miszler, Levente"]
[WhiteFideId "14105578"]
[BlackFideId "763276"]
[WhiteElo "1993"]
[BlackElo "1966"]
[Result "1-0"]
[Round "09"]
[TimeControl "180+1"]
[Date "2022.03.02"]
[WhiteClock "0:02:11"]
[BlackClock "0:00:48"]

1. e4 e6 2. d4 d5 3. Nc3 dxe4 4. Nxe4 Nd7 5. g4 b6 6. Bg2 Bb7 7. Ne2 Rb8 8. O-O g6 9. Bg5 f6 10. Bf4 Bg7 11. Re1 Ne7 12. c4 O-O 13. N2g3 e5 14. dxe5 fxe5 15. Be3 Nc6 16. Qd5+ Kh8 17. Ng5 Qe7 18. Rad1 Rbd8 19. Qe6 Nc5 20. Qxe7 Nxe7 21. Bxc5 Bxg2 22. Bxe7 Rxd1 23. Rxd1 1-0


[Site "https://www.chess.com"]

[Event "Titled Tuesday Blitz March 01 Late 2022"]
[White "Ribeiro, Matheus Mendes Domingues"]
[Black "Tomb, Maroun"]
[WhiteFideId "324226923"]
[BlackFideId "5300398"]
[WhiteElo "1886"]
[BlackElo "2564"]
[Result "1-0"]
[Round "09"]
[TimeControl "180+1"]
[Date "2022.03.02"]
[WhiteClock "0:01:30"]
[BlackClock "0:02:13"]

1. c4 d6 2. Nf3 Nf6 3. Nc3 Nbd7 4. g3 e5 5. Bg2 c6 6. O-O Be7 7. d4 O-O 8. dxe5 dxe5 9. b3 a5 10. Bb2 Qc7 11. Qd2 Re8 12. Rfd1 Nc5 13. Rac1 Bf8 14. Qc2 h6 15. Nh4 Be6 16. Nf5 g6 17. Ne3 h5 18. h3 Bh6 19. Kh2 Bxe3 20. fxe3 Bf5 21. e4 Be6 22. Qd2 Rad8 23. Qe3 Qe7 24. Ba3 b6 25. Na4 Nfd7 26. Nxb6 1-0


[Site "https://www.chess.com"]

[Event "Titled Tuesday Blitz March 01 Late 2022"]
[White "Romero Ruscalleda, Josep"]
[Black "P., Komal Kishore"]
[WhiteFideId "2231859"]
[BlackFideId "5016703"]
[WhiteElo "2307"]
[BlackElo "2113"]
[Result "1-0"]
[Round "09"]
[TimeControl "180+1"]
[Date "2022.03.02"]
[WhiteClock "0:00:45"]
[BlackClock "0:00:01"]

1. e4 c6 2. Nc3 d5 3. Nf3 Bg4 4. h3 Bxf3 5. Qxf3 e6 6. d4 dxe4 7. Qxe4 Nf6 8. Qd3 Qc7 9. a4 Nbd7 10. g3 Bd6 11. Bg2 O-O 12. O-O a6 13. Ne2 c5 14. c3 c4 15. Qc2 b5 16. Bxa8 Rxa8 17. axb5 a5 18. Bf4 e5 19. dxe5 Nxe5 20. Bxe5 Bxe5 21. Qf5 g6 22. Qg5 Ne4 23. Qe3 f5 24. Nd4 Re8 25. Nf3 Bxg3 26. b6 Qb8 27. Qd4 Bxf2+ 28. Rxf2 Qg3+ 29. Rg2 Qxf3 30. b7 Qf4 31. Qxc4+ Kg7 32. Qd4+ Kh6 33. Rf1 Qc7 34. Qe3+ Kg7 35. Rxf5 Qxb7 36. Qd4+ Kh6 37. Rxa5 Qc6 38. Qe3+ Kg7 39. Ra7+ Kg8 40. Qd4 Qc5 41. Qxc5 Nxc5 42. Rd2 Ne4 43. Rdd7 1-0


[Site "https://www.chess.com"]

[Event "Titled Tuesday Blitz March 01 Late 2022"]
[White "Rorrer, Grayson"]
[Black "Ibadov, Dashgyn"]
[WhiteFideId "30944996"]
[BlackFideId "24107514"]
[WhiteElo "2122"]
[BlackElo "2084"]
[Result "0-1"]
[Round "09"]
[TimeControl "180+1"]
[Date "2022.03.01"]
[WhiteClock "0:00:06"]
[BlackClock "0:00:49"]

1. e4 e6 2. d4 d5 3. Nd2 c5 4. exd5 Qxd5 5. dxc5 Nf6 6. Ngf3 Bxc5 7. Bc4 Qc6 8. Qe2 a6 9. O-O b5 10. Ne5 Qc7 11. Bd3 Bb7 12. a4 O-O 13. axb5 axb5 14. Rxa8 Bxa8 15. Bxb5 Nbd7 16. Nxd7 Nxd7 17. Bd3 Nf6 18. Ne4 Nxe4 19. Bxe4 h6 20. Bxa8 Rxa8 21. Bd2 Bd6 22. Qe4 Bxh2+ 23. Kh1 Rd8 24. Bxh6 gxh6 25. g3 Bxg3 26. Rg1 Rd5 27. Rxg3+ Kf8 28. Qb4+ Ke8 29. Rg8+ Kd7 30. Qa4+ Ke7 31. Re8+ Kf6 32. Qh4+ Kg7 33. Re7 Qxc2 34. Qf4 Rh5+ 35. Kg2 Rg5+ 36. Kh2 Qg6 37. Qd4+ Kh7 38. f4 0-1


[Site "https://www.chess.com"]

[Event "Titled Tuesday Blitz March 01 Late 2022"]
[White "Rosen, Eric"]
[Black "Bryakin, Mikhail"]
[WhiteFideId "2032562"]
[BlackFideId "4165314"]
[WhiteElo "2362"]
[BlackElo "2421"]
[Result "1-0"]
[Round "09"]
[TimeControl "180+1"]
[Date "2022.03.01"]
[WhiteClock "0:00:08"]
[BlackClock "0:01:09"]

1. d4 Nf6 2. Bf4 Nh5 3. Bg5 h6 4. Bh4 g5 5. Bg3 Nxg3 6. hxg3 Bg7 7. c3 b6 8. e4 Bb7 9. Nd2 d6 10. Bd3 Nd7 11. a4 a6 12. g4 e6 13. Ne2 c5 14. f3 Qc7 15. Nf1 O-O-O 16. Nfg3 Kb8 17. Nh5 Bf8 18. Qd2 d5 19. e5 c4 20. Bc2 Be7 21. Qe3 Rde8 22. Neg3 Ka7 23. O-O Reg8 24. Rae1 Nf8 25. Qf2 Ng6 26. Nf6 Bxf6 27. exf6 Nf4 28. Qe3 h5 29. Nxh5 Nxh5 30. gxh5 Rxh5 31. Qe5 Qd7 32. Kf2 Bc6 33. Rh1 Rxh1 34. Rxh1 Bxa4 35. Bxa4 Qxa4 36. Qc7+ Ka8 37. Qxf7 Qe8 38. Qc7 Qb8 39. f7 Rf8 40. Qc6+ Qb7 41. Qe8+ Qc8 42. Qxc8+ Rxc8 43. Rh7 Rf8 44. Kg3 Kb7 45. Kg4 Kc6 46. Kxg5 Kd7 47. Kf6 b5 48. g4 a5 49. g5 b4 50. g6 bxc3 51. bxc3 a4 52. g7 Rxf7+ 53. Kxf7 a3 54. g8=Q a2 55. Kf6+ 1-0


[Site "https://www.chess.com"]

[Event "Titled Tuesday Blitz March 01 Late 2022"]
[White "Sadilek, Peter"]
[Black "Carre, Sylvain"]
[WhiteFideId "1616439"]
[BlackFideId "642118"]
[WhiteElo "2145"]
[BlackElo "2105"]
[Result "1-0"]
[Round "09"]
[TimeControl "180+1"]
[Date "2022.03.02"]
[WhiteClock "0:01:02"]
[BlackClock "0:00:03"]

1. Nf3 d5 2. d4 Nf6 3. c4 c6 4. Nc3 e6 5. g3 Nbd7 6. Bg2 Be7 7. O-O O-O 8. b3 b6 9. Qd3 Bb7 10. Rd1 dxc4 11. bxc4 Qc8 12. e4 Rd8 13. e5 Ne8 14. Ng5 Bxg5 15. Bxg5 Nxe5 16. Qe2 f6 17. Bxf6 gxf6 18. dxe5 f5 19. Qe3 Ng7 20. c5 Qc7 21. Rd6 Rd7 22. Rad1 Rad8 23. Qg5 Rxd6 24. Rxd6 Rxd6 25. cxd6 Qd7 26. Ne2 Kf7 27. Qf6+ Kg8 28. Nf4 Qf7 29. Qd8+ Qf8 30. Qc7 Qf7 31. d7 1-0


[Site "https://www.chess.com"]

[Event "Titled Tuesday Blitz March 01 Late 2022"]
[White "Salinas Herrera, Pablo"]
[Black "Garriga Cazorla, Pere"]
[WhiteFideId "3407128"]
[BlackFideId "32011601"]
[WhiteElo "2541"]
[BlackElo "2458"]
[Result "1-0"]
[Round "09"]
[TimeControl "180+1"]
[Date "2022.03.01"]
[WhiteClock "0:00:18"]
[BlackClock "0:00:13"]

1. d4 Nf6 2. Nf3 e6 3. Bf4 c5 4. e3 d5 5. Nbd2 Nc6 6. c3 cxd4 7. exd4 Nh5 8. Be3 Bd6 9. g3 g6 10. Bg2 O-O 11. O-O Ng7 12. Nb3 a5 13. a4 b6 14. Re1 Ba6 15. Nc1 Rc8 16. Nd3 Nf5 17. Bf4 Bxd3 18. Bxd6 Nxd6 19. Qxd3 Ne4 20. Re2 Qc7 21. Ne1 Nd6 22. h4 Rb8 23. h5 b5 24. axb5 Rxb5 25. Qf3 Nf5 26. Nd3 Rfb8 27. Bh3 Nd6 28. h6 Qd8 29. Qf4 Nc4 30. Bxe6 fxe6 31. Rxe6 Ne7 32. Rae1 Nf5 33. g4 Nfd6 34. Re7 Qf8 35. Rg7+ Qxg7 36. hxg7 R5b7 37. Qg5 Kxg7 38. Qxd5 a4 39. Re6 Rb5 40. Re7+ Kf8 41. Qe6 R5b7 42. Qf6+ Kg8 43. Qg7# 1-0


[Site "https://www.chess.com"]

[Event "Titled Tuesday Blitz March 01 Late 2022"]
[White "Sarana, Alexey"]
[Black "Sadhwani, Raunak"]
[WhiteFideId "24133795"]
[BlackFideId "35093487"]
[WhiteElo "2665"]
[BlackElo "2616"]
[Result "1/2-1/2"]
[Round "09"]
[TimeControl "180+1"]
[Date "2022.03.01"]
[WhiteClock "0:02:27"]
[BlackClock "0:02:25"]

1. d4 Nf6 2. c4 g6 3. Nc3 Bg7 4. e4 d6 5. Be2 O-O 6. Be3 c5 7. d5 e6 8. Nf3 exd5 9. cxd5 Bg4 10. Nd2 Bxe2 11. Qxe2 Nbd7 12. O-O Ne8 13. Bf4 Qe7 14. h3 f5 15. Rae1 g5 1/2-1/2


[Site "https://www.chess.com"]

[Event "Titled Tuesday Blitz March 01 Late 2022"]
[White "Sargsyan, Anna M."]
[Black "Saraci, Nderim"]
[WhiteFideId "13308130"]
[BlackFideId "6351921"]
[WhiteElo "2271"]
[BlackElo "2573"]
[Result "1-0"]
[Round "09"]
[TimeControl "180+1"]
[Date "2022.03.01"]
[WhiteClock "0:01:00"]
[BlackClock "0:00:01"]

1. d4 d5 2. c4 c6 3. Nf3 Bf5 4. Nc3 e6 5. Qb3 Qc8 6. Bf4 Nd7 7. e3 Ngf6 8. Rc1 Be7 9. cxd5 exd5 10. Nb5 O-O 11. Bd6 Qd8 12. Bc7 Qc8 13. Bd6 Qd8 14. Bc7 Qc8 15. Bf4 Qd8 16. Nd6 Bxd6 17. Bxd6 Re8 18. Qxb7 Qa5+ 19. Bb4 Qxa2 20. Ba3 Nb6 21. Ne5 Be6 22. Bd3 Nc4 23. Bb1 Na5 24. Qb4 Qb3 25. Qxa5 1-0


[Site "https://www.chess.com"]

[Event "Titled Tuesday Blitz March 01 Late 2022"]
[White "Seo, Jung Min"]
[Black "Ruiz Aguilar, Pablo Alexander"]
[WhiteFideId "1734687"]
[BlackFideId "4401352"]
[WhiteElo "2401"]
[BlackElo "2125"]
[Result "1-0"]
[Round "09"]
[TimeControl "180+1"]
[Date "2022.03.01"]
[WhiteClock "0:01:36"]
[BlackClock "0:00:52"]

1. d4 d5 2. Nf3 Nf6 3. c4 c6 4. e3 Nbd7 5. Nc3 e6 6. Bd3 Bd6 7. O-O O-O 8. Qc2 dxc4 9. Bxc4 e5 10. Rd1 Qe7 11. h3 a6 12. b3 b5 13. Be2 Bb7 14. Bb2 e4 15. Nd2 Rfe8 16. a4 b4 17. Ncb1 c5 18. Nc4 Bc7 19. Nbd2 cxd4 20. Bxd4 Ne5 21. Nxe5 Bxe5 22. Bxe5 Qxe5 23. Nc4 Qc5 24. Qb2 Nd5 25. Rac1 Nc3 26. Rxc3 bxc3 27. Qxc3 Rac8 28. b4 Qc7 29. Qb2 Rcd8 30. Rc1 Qe7 31. Na5 Rc8 32. Rd1 Red8 33. Rxd8+ Rxd8 34. Qc3 Rc8 35. Qd4 Rd8 36. Qb6 Ba8 37. Bxa6 Qe5 38. Qxd8+ 1-0


[Site "https://www.chess.com"]

[Event "Titled Tuesday Blitz March 01 Late 2022"]
[White "Shuvalova, Polina"]
[Black "Glavina, Pablo"]
[WhiteFideId "24171760"]
[BlackFideId "100234"]
[WhiteElo "2355"]
[BlackElo "2369"]
[Result "1-0"]
[Round "09"]
[TimeControl "180+1"]
[Date "2022.03.01"]
[WhiteClock "0:01:05"]
[BlackClock "0:00:05"]

1. d4 Nf6 2. Nf3 e6 3. Bf4 c5 4. e3 Qb6 5. b3 Nc6 6. c3 d5 7. Nbd2 h6 8. h3 Be7 9. Bd3 Qa5 10. Qc1 cxd4 11. cxd4 Ba3 12. Qd1 Nb4 13. Be2 Ne4 14. Nxe4 dxe4 15. Nd2 g5 16. Be5 O-O 17. O-O f6 18. Nc4 Qa6 19. Bd6 Rd8 20. Be7 Rd7 21. Bxf6 Nd3 22. Bxd3 exd3 23. Qxd3 Bf8 24. Qg6+ Bg7 25. Ne5 Qd6 26. Nxd7 Qxd7 27. Rac1 1-0


[Site "https://www.chess.com"]

[Event "Titled Tuesday Blitz March 01 Late 2022"]
[White "Stanisz, Patryk"]
[Black "Jakubowska, Anna"]
[WhiteFideId "1123106"]
[BlackFideId "1121952"]
[WhiteElo "1876"]
[BlackElo "1924"]
[Result "1-0"]
[Round "09"]
[TimeControl "180+1"]
[Date "2022.03.02"]
[WhiteClock "0:00:02"]
[BlackClock "0:00:02"]

1. d4 d5 2. c4 c6 3. Nc3 Nf6 4. Nf3 e6 5. e3 Nbd7 6. Qc2 Bd6 7. g4 h6 8. Rg1 Qe7 9. Bd2 b6 10. cxd5 cxd5 11. Nb5 Ne4 12. Qc6 Rb8 13. Bd3 Bb7 14. Nxd6+ Nxd6 15. Qa4 Rc8 16. Bb4 Qf6 17. Ne5 b5 18. Bxb5 Nxb5 19. Qxb5 Rc7 20. Ba5 Rc2 21. Qxd7+ Kf8 22. Qd8+ Qxd8 23. Bxd8 Rxb2 24. Bc7 Ba6 25. Bd6+ Ke8 26. Rc1 f6 27. Ng6 Rg8 28. Ba3 Rxa2 29. Bd6 Kf7 30. Nf4 Rd8 31. Rc7+ Kg8 32. Bb4 Re8 33. Rc1 Rb8 34. Ng2 Rxb4 35. h4 Rbb2 36. Nf4 Rxf2 37. Kd1 g5 38. Ke1 gxf4 39. h5 1-0


[Site "https://www.chess.com"]

[Event "Titled Tuesday Blitz March 01 Late 2022"]
[White "Stankovic, Ivan G"]
[Black "Aldokhin, Ivan"]
[WhiteFideId "902837"]
[BlackFideId "24115720"]
[WhiteElo "2195"]
[BlackElo "2231"]
[Result "0-1"]
[Round "09"]
[TimeControl "180+1"]
[Date "2022.03.02"]
[WhiteClock "0:00:06"]
[BlackClock "0:00:58"]

1. e4 c5 2. c4 e6 3. Nc3 a6 4. g3 Nc6 5. Bg2 Nf6 6. Nge2 Be7 7. d3 O-O 8. O-O d6 9. h3 b6 10. g4 Bb7 11. Be3 h6 12. Ng3 Nd4 13. f4 d5 14. cxd5 exd5 15. e5 Ne8 16. Qd2 Nc7 17. Rae1 Bh4 18. Nh5 Bxe1 19. Rxe1 Qe7 20. f5 Rae8 21. f6 Qxe5 22. fxg7 Qd6 23. gxf8=Q+ Rxf8 24. Bf4 Qc6 25. Bxh6 Re8 26. Rxe8+ Nxe8 27. Nxd5 Kh8 28. Qf4 Ne2+ 29. Kf2 Nxf4 30. Ndxf4 Qxh6 0-1


[Site "https://www.chess.com"]

[Event "Titled Tuesday Blitz March 01 Late 2022"]
[White "Svane, Rasmus"]
[Black "Kaasen, Tor Fredrik"]
[WhiteFideId "4657101"]
[BlackFideId "1516647"]
[WhiteElo "2645"]
[BlackElo "2335"]
[Result "1-0"]
[Round "09"]
[TimeControl "180+1"]
[Date "2022.03.01"]
[WhiteClock "0:00:50"]
[BlackClock "0:00:09"]

1. Nf3 d5 2. g3 g6 3. Bg2 Bg7 4. d4 Nf6 5. O-O O-O 6. c4 c6 7. Qb3 a5 8. Rd1 a4 9. Qb4 Be6 10. cxd5 Bxd5 11. Nc3 Qa5 12. Qxa5 Rxa5 13. Bd2 Ra6 14. Rac1 Ne4 15. Nxe4 Bxe4 16. Bb4 Re8 17. Ng5 Bxg2 18. Kxg2 Nd7 19. Ne4 Bf8 20. d5 cxd5 21. Rxd5 Nb8 22. Rb5 Bg7 23. Rxb7 Bxb2 24. Rxe7 Rxe7 25. Rc8+ Kg7 26. Bxe7 Nd7 27. Nd6 Be5 28. Ne8+ Kh6 29. f4 Bf6 30. Nxf6 Nxf6 31. Bf8+ Kh5 32. Rc5+ 1-0


[Site "https://www.chess.com"]

[Event "Titled Tuesday Blitz March 01 Late 2022"]
[White "Tanenbaum, Zachary"]
[Black "Renjith, Sravan"]
[WhiteFideId "2060850"]
[BlackFideId "4306783"]
[WhiteElo "2168"]
[BlackElo "1863"]
[Result "0-1"]
[Round "09"]
[TimeControl "180+1"]
[Date "2022.03.01"]
[WhiteClock "0:00:03"]
[BlackClock "0:00:06"]

1. e4 e5 2. Nf3 Nc6 3. Bc4 Nf6 4. d3 Bc5 5. c3 O-O 6. Nbd2 d6 7. a4 a6 8. Nf1 Ba7 9. Ng3 Ne7 10. O-O c6 11. Bg5 Ne8 12. d4 h6 13. Bh4 Qc7 14. h3 Ng6 15. dxe5 Nxh4 16. Nxh4 dxe5 17. Ng6 Nd6 18. Bb3 Re8 19. Qh5 Be6 20. Bxe6 Rxe6 21. Nh4 Rae8 22. Nhf5 Rg6 23. Rad1 Nxf5 24. Nxf5 Rg5 25. Qf3 Kh7 26. h4 Rg6 27. Rd3 Rf6 28. Qh3 g6 29. Ng3 Rd8 30. Ne2 b5 31. axb5 axb5 32. Nc1 Qb6 33. Rxd8 Rxf2 34. Rxf2 Qxf2+ 35. Kh2 Qg1+ 36. Kg3 Qe1+ 37. Kf3 Qf2+ 38. Kg4 h5+ 39. Kg5 f6# 0-1


[Site "https://www.chess.com"]

[Event "Titled Tuesday Blitz March 01 Late 2022"]
[White "Tari, Aryan"]
[Black "Domingo Nunez, Alejandro"]
[WhiteFideId "1510045"]
[BlackFideId "22245561"]
[WhiteElo "2567"]
[BlackElo "2215"]
[Result "1-0"]
[Round "09"]
[TimeControl "180+1"]
[Date "2022.03.01"]
[WhiteClock "0:00:28"]
[BlackClock "0:00:02"]

1. e4 g6 2. d4 Bg7 3. Nf3 c6 4. Nc3 d5 5. h3 dxe4 6. Nxe4 Nf6 7. Nxf6+ exf6 8. Bc4 O-O 9. O-O a5 10. a4 Na6 11. c3 Nc7 12. Bf4 Nd5 13. Bh2 Be6 14. Bd3 Re8 15. Nd2 f5 16. Nc4 f4 17. Qf3 g5 18. Rae1 h6 19. Ne5 c5 20. Bb5 Re7 21. dxc5 Qc7 22. Nd3 Rd8 23. Re2 Nf6 24. Rfe1 Bf8 25. Nxf4 gxf4 26. Bxf4 Qxc5 27. Be5 Ne8 28. Bd3 Rxd3 29. Qxd3 Bg7 30. Bxg7 Nxg7 31. Re5 Qc7 32. Qg3 Kh7 33. Kh2 Qb6 34. R1e2 Rd7 35. Qf4 Qd8 36. R2e3 b6 37. Rg3 Ne8 38. Qe4+ Kh8 39. Rb5 Qf6 40. Rxb6 Nd6 41. Qa8+ Rd8 42. Qxa5 Kh7 43. Qc5 Ne4 44. Qe3 Nxg3 45. Qxg3 Rd5 46. Rb5 Rxb5 47. axb5 Qf5 48. b6 Qb5 49. Qc7 Qxb2 50. b7 1-0


[Site "https://www.chess.com"]

[Event "Titled Tuesday Blitz March 01 Late 2022"]
[White "Tomiello, Mateus Costamilan"]
[Black "Derraugh, Geordie"]
[WhiteFideId "22701958"]
[BlackFideId "2603950"]
[WhiteElo "1975"]
[BlackElo "2116"]
[Result "1-0"]
[Round "09"]
[TimeControl "180+1"]
[Date "2022.03.02"]
[WhiteClock "0:00:16"]
[BlackClock "0:00:02"]

1. e4 c5 2. Nf3 d6 3. d4 cxd4 4. Nxd4 Nf6 5. Nc3 a6 6. Be3 e5 7. Nb3 Be6 8. f3 Nbd7 9. Qd2 b5 10. g4 Nb6 11. g5 Nh5 12. Na5 Rc8 13. a3 Qc7 14. Rg1 f5 15. h4 f4 16. Bf2 Be7 17. O-O-O Na4 18. Nd5 Bxd5 19. exd5 O-O 20. Nc6 Qd7 21. Rh1 Rxc6 22. dxc6 Qxc6 23. Qd5+ Qxd5 24. Rxd5 Rc8 25. Bd3 g6 26. Be4 Ng7 27. Rd3 Rc7 28. Bd5+ Kf8 29. b3 Nc5 30. Rd2 Nf5 31. Kb2 a5 32. c4 bxc4 33. Bxc4 a4 34. b4 Nd7 35. Rc1 Rb7 36. Bd5 Rb8 37. Be6 Nc5 38. Bxc5 dxc5 39. Bxf5 gxf5 40. Rd5 cxb4 41. Rxe5 h6 42. Rxf5+ Kg7 43. axb4 hxg5 44. b5 Kg6 45. Rd5 1-0


[Site "https://www.chess.com"]

[Event "Titled Tuesday Blitz March 01 Late 2022"]
[White "Van Foreest, Jorden"]
[Black "Suleymanli, Aydin"]
[WhiteFideId "1039784"]
[BlackFideId "13413937"]
[WhiteElo "2609"]
[BlackElo "2529"]
[Result "1-0"]
[Round "09"]
[TimeControl "180+1"]
[Date "2022.03.01"]
[WhiteClock "0:00:09"]
[BlackClock "0:00:01"]

1. h3 d5 2. d4 Nf6 3. Nf3 c5 4. dxc5 Nc6 5. a3 a5 6. Nc3 e6 7. Na4 Nd7 8. e4 Nxc5 9. Nxc5 Bxc5 10. exd5 exd5 11. Bd3 O-O 12. O-O h6 13. Bf4 Qf6 14. Qd2 Qxb2 15. Rfe1 Qf6 16. Bg3 Bxh3 17. Bh4 g5 18. Bxg5 hxg5 19. gxh3 Nd4 20. Nh2 Bd6 21. Ng4 Nf3+ 22. Kg2 Nxe1+ 23. Rxe1 Qg7 24. Bf5 Bxa3 25. Qxd5 Ra6 26. Qxb7 Rd6 27. Re3 Bc5 28. Rg3 Rd2 29. Qc6 Qd4 30. Rf3 Rd8 31. Qh6 Qg7 32. Qh5 R8d5 33. Nf6+ Qxf6 34. Bh7+ Kg7 35. Rxf6 Kxf6 36. Bd3 Rxf2+ 37. Kg3 Rf4 38. Qh6+ Ke7 39. Qc6 Bd6 40. Kg2 Rc5 41. Qb7+ Bc7 42. Qa7 Kd6 43. Qa6+ Rc6 44. Qa8 Rc5 45. Qf8+ Kc6 46. Qe8+ Kb6 47. Be4 Rc4 48. Bd3 Rb4 49. Qe3+ Kb7 50. Qe7 g4 51. h4 Rf3 52. Be4+ Rxe4 53. Qxe4+ Kb6 54. h5 f5 55. Qe6+ Kc5 56. h6 Rg3+ 57. Kf2 Rf3+ 58. Ke1 Bg3+ 59. Ke2 Rf2+ 60. Kd3 Rf3+ 61. Kd2 Rf2+ 62. Kc1 Bf4+ 63. Kb2 Bxh6 64. Qxh6 1-0


[Site "https://www.chess.com"]

[Event "Titled Tuesday Blitz March 01 Late 2022"]
[White "Vine, Elzbieta"]
[Black "Vargas Pereda, Jesus Manue"]
[WhiteFideId "1119320"]
[BlackFideId "5115710"]
[WhiteElo "1850"]
[BlackElo "1771"]
[Result "0-1"]
[Round "09"]
[TimeControl "180+1"]
[Date "2022.03.02"]
[WhiteClock "0:00:03"]
[BlackClock "0:00:27"]

1. e4 c5 2. Nf3 Nc6 3. d4 cxd4 4. Nxd4 e5 5. Nb5 d6 6. N5c3 Nf6 7. Bg5 Be7 8. Nd2 Be6 9. Bb5 O-O 10. O-O a6 11. Bd3 Rc8 12. f4 h6 13. Bxf6 Bxf6 14. f5 Bd7 15. Nd5 Bg5 16. Nf3 Ne7 17. Nxg5 Nxd5 18. exd5 Qxg5 19. f6 Bg4 20. Qe1 gxf6 21. Qf2 Kg7 22. Kh1 Bh5 23. Qb6 Bg6 24. Qxd6 Rcd8 25. Qc5 Rc8 26. Qd6 Rfd8 0-1


[Site "https://www.chess.com"]

[Event "Titled Tuesday Blitz March 01 Late 2022"]
[White "Vusatiuk, Vladimir"]
[Black "Rudzinska, Michalina"]
[WhiteFideId "14118610"]
[BlackFideId "1172883"]
[WhiteElo "2157"]
[BlackElo "1904"]
[Result "1-0"]
[Round "09"]
[TimeControl "180+1"]
[Date "2022.03.02"]
[WhiteClock "0:00:39"]
[BlackClock "0:00:04"]

1. Nf3 d5 2. h4 Nf6 3. h5 c5 4. d3 h6 5. c3 Bg4 6. Nbd2 Bxh5 7. Ne5 Nc6 8. Qa4 Qc7 9. Ndf3 Bxf3 10. Nxf3 a6 11. Bf4 Qd7 12. g3 e6 13. Bg2 Bd6 14. Bd2 b5 15. Qc2 e5 16. e4 d4 17. Nh4 Ne7 18. Bh3 Qc7 19. Ke2 dxc3 20. bxc3 Qc6 21. f3 Ra7 22. Be3 Rc7 23. a4 b4 24. Rhc1 g6 25. cxb4 cxb4 26. Qxc6+ Nxc6 27. Bb6 Nd4+ 28. Bxd4 exd4 29. Rxc7 Bxc7 30. Rc1 Bd8 31. Rc4 a5 32. Rxd4 b3 33. Kd2 Be7 34. Kc3 O-O 35. Kxb3 Rb8+ 36. Kc2 Bb4 37. Rc4 Ne8 38. e5 Kf8 39. f4 Ke7 40. Nf3 Rb7 41. d4 Nc7 42. Bg2 Nd5 43. Kd3 Rd7 44. Nd2 Nb6 45. Rc6 Bxd2 46. Rxb6 Bb4 47. d5 Bc5 48. Rc6 Bf2 49. d6+ Ke8 50. Rc8+ Rd8 51. Bc6+ 1-0


[Site "https://www.chess.com"]

[Event "Titled Tuesday Blitz March 01 Late 2022"]
[White "Yurtseven, Melih"]
[Black "Mickiewicz, Piotr"]
[WhiteFideId "6312160"]
[BlackFideId "1114891"]
[WhiteElo "2160"]
[BlackElo "2266"]
[Result "1/2-1/2"]
[Round "09"]
[TimeControl "180+1"]
[Date "2022.03.02"]
[WhiteClock "0:00:23"]
[BlackClock "0:00:12"]

1. Nf3 Nf6 2. g3 g6 3. b4 Bg7 4. Bb2 a5 5. b5 b6 6. Bg2 Bb7 7. O-O d6 8. d3 Nbd7 9. e4 e5 10. d4 O-O 11. dxe5 Ng4 12. Nbd2 Ngxe5 13. Nd4 Nc5 14. a4 Re8 15. Ra3 h5 16. Qa1 Ng4 17. h3 Nf6 18. f3 d5 19. e5 Nfd7 20. f4 Nf8 21. N2f3 Ne4 22. Kh2 Ne6 23. Nxe6 fxe6 24. Nd4 Qd7 25. Qe1 Rf8 26. c4 h4 27. gxh4 Rxf4 28. Rxf4 Bxe5 29. Rf3 Rf8 30. Qe3 Qd6 31. Kh1 Rxf4 32. cxd5 exd5 33. Rxf4 Bxf4 34. Qf3 Qe5 35. Ne2 Qxb2 36. Nxf4 Qf2 37. Nxg6 Ng3+ 38. Kh2 Nf1+ 39. Kh1 Ng3+ 40. Kh2 Nf1+ 41. Kh1 Ng3+ 1/2-1/2


[Site "https://www.chess.com"]

[Event "Titled Tuesday Blitz March 01 Late 2022"]
[White "Zhou, Qiyu"]
[Black "Levine, David"]
[WhiteFideId "505161"]
[BlackFideId "2011611"]
[WhiteElo "1925"]
[BlackElo "2134"]
[Result "1-0"]
[Round "09"]
[TimeControl "180+1"]
[Date "2022.03.02"]
[WhiteClock "0:00:14"]
[BlackClock "0:00:01"]

1. e4 e5 2. Nf3 Nc6 3. Bb5 a6 4. Ba4 Nf6 5. O-O Be7 6. Re1 b5 7. Bb3 d6 8. c3 O-O 9. h3 Bb7 10. d4 Re8 11. Bxf7+ Kxf7 12. Qb3+ d5 13. dxe5 Ng8 14. exd5 Na5 15. e6+ Kf8 16. Qc2 Nf6 17. Bg5 Kg8 18. Nbd2 Bxd5 19. Nd4 Qc8 20. Qf5 Bb7 21. N2f3 c5 22. Nc2 Qc6 23. Ne3 Qe4 24. Bxf6 Qxf5 25. Nxf5 gxf6 26. Rad1 Bxf3 27. gxf3 Kf8 28. Rd7 Rad8 29. Nxe7 Rxd7 30. exd7 Rd8 31. Nd5 Rxd7 32. Nxf6 Rd2 33. Nxh7+ Kg7 34. Ng5 Rxb2 35. Ne6+ Kf6 36. Nxc5 Rxa2 37. Nxa6 Nc4 38. Nc7 Rb2 39. Nd5+ Kf5 40. Kg2 Nd2 41. Re8 Nc4 42. Kg3 1-0


[Site "https://www.chess.com"]

[Event "Titled Tuesday Blitz March 01 Late 2022"]
[White "Zhurbinsky, David"]
[Black "Vifleemskaia, Svetlana"]
[WhiteFideId "2072904"]
[BlackFideId "4129490"]
[WhiteElo "2509"]
[BlackElo "1901"]
[Result "0-1"]
[Round "09"]
[TimeControl "180+1"]
[Date "2022.03.02"]
[WhiteClock "0:00:01"]
[BlackClock "0:00:47"]

1. e4 e5 2. Nf3 Nc6 3. Bb5 a6 4. Ba4 Nf6 5. O-O Be7 6. Re1 b5 7. Bb3 d6 8. c3 O-O 9. h3 Nd7 10. d4 Bf6 11. Be3 Na5 12. Bc2 Nc4 13. Bc1 Bb7 14. b3 Ncb6 15. Nbd2 b4 16. Bb2 bxc3 17. Bxc3 exd4 18. Bxd4 c5 19. Bxf6 Qxf6 20. Nf1 d5 21. e5 Qe7 22. Ng3 g6 23. Qd2 Rfe8 24. Nh5 d4 25. Ng5 Nd5 26. e6 f6 27. exd7 Qxd7 28. Be4 gxh5 29. Nf3 Qg7 30. Nh4 Qg5 0-1


[Site "https://www.chess.com"]